 Dungeon Crawl Stone Soup version 0.19.4 (webtiles) character file.

6260 Jerry the Slicer (level 10, 0/49 HPs)
             Began as a Vine Stalker Fighter on Jan 30, 2017.
             Was a Follower of Uskayaw.
             Killed from afar by an electric eel (7 damage)
             ... with a bolt of electricity
             ... on level 8 of the Dungeon.
             The game lasted 00:35:11 (6364 turns).

Jerry the Slicer (Vine Stalker Fighter)             Turns: 6364, Time: 00:35:12

Health: 0/49       AC: 17    Str: 24    XL:     10   Next: 93%
Magic:  0/15       EV:  6    Int:  8    God:    Uskayaw [*.....]
Gold:   316        SH: 10    Dex: 18    Spells: 0 memorised, 9 levels left

rFire  . . .     SeeInvis .     d - +2 dagger (vamp)
rCold  . . .     Gourm    .     k - +0 chain mail
rNeg   . . .     Faith    .     c - +0 shield
rPois  .         Spirit   +     (no helmet)
rElec  .         Reflect  .     y - +0 cloak
rCorr  .         Harm     .     s - +0 pair of gloves
MR     +....                    (no boots)
Stlth  ..........               (no amulet)
                                j - +4 ring of strength
                                v - +4 ring of protection

@: no status effects
A: fangs 3, frail 1, regeneration 1, screaming 1, strong 1, magic shield,
antimagic bite, no device heal 3, rot immunity
a: Stomp, Renounce Religion


You were on level 8 of the Dungeon.
You worshipped Uskayaw.
Uskayaw was noncommittal.
You were very hungry.

You visited 2 branches of the dungeon, and saw 9 of its levels.

You collected 316 gold pieces.

Inventory:

Hand Weapons
 a - a +0 rapier of protection
 d - a +2 vampiric dagger (weapon)
Armour
 c - a +0 shield (worn)
 h - a +1 buckler of poison resistance
 k - a +0 chain mail (worn)
 s - a +0 pair of gloves (worn)
 y - a +0 cloak (worn)
Jewellery
 j - a +4 ring of strength (right hand)
 v - a +4 ring of protection (left hand)
Wands
 e - a wand of lightning (1/15)
 t - a wand of teleportation (8/9)
 B - a wand of paralysis (3/24)
 E - a wand of slowing (24/48)
 F - a wand of digging (7/24)
Scrolls
 b - a scroll of identify
 n - 2 scrolls of remove curse
 r - a scroll of enchant armour
 C - a scroll of enchant weapon {unknown}
 G - 2 scrolls of random uselessness {unknown}
Potions
 g - 2 potions of lignification
 i - a potion of agility
 m - 2 potions of ambrosia
 p - 3 potions of haste
 q - a potion of curing {unknown}
 u - a potion of resistance {unknown}
 w - 2 potions of cure mutation {unknown}
 x - a potion of brilliance {unknown}
 z - a potion of mutation {unknown}
 A - a potion of might
 D - a potion of cancellation {unknown}
Comestibles
 f - 10 bread rations
 l - 2 meat rations
 o - 11 royal jellies


   Skills:
 + Level 7.3 Fighting
 + Level 9.0 Short Blades
 + Level 6.6 Armour
 - Level 3.9 Stealth
 - Level 4.0 Shields
 + Level 6.3 Invocations


You had 9 spell levels left.
You didn't know any spells.

Dungeon Overview and Level Annotations

Branches:
Dungeon (8/15)             Temple (1/1) D:4
   Lair: D:8-11

Altars:
Ashenzari
Cheibriados
Dithmenos
Elyvilon
Fedhas
Gozag
Hepliaklqana
Kikubaaqudgha
Makhleb
Nemelex Xobeh
Qazlal
Ru
Sif Muna
Trog
Uskayaw
Vehumet
Yredelemnul
Zin
The Shining One


Innate Abilities, Weirdness & Mutations

You have razor-sharp teeth.
Your natural rate of healing is unusually fast.
When hurt, damage is shared between your health and your magic reserves.
Your bite disrupts and absorbs the magic of your enemies.
Potions and wands cannot restore your health.
You are immune to rotting.
You are frail. (-10% HP)
You occasionally shout uncontrollably at your foes.
Your muscles are strong. (Str +2)


Message History

The bolt of electricity hits you! x2
The electric eel shoots out a bolt of lightning at you!
The bolt of electricity hits you!
You see here a runed buckler.
h - a runed buckler The electric eel shoots out a bolt of lightning at you!
The bolt of electricity hits you! x2
The bolt of electricity hits the electric eel.
The electric eel completely resists.
The electric eel shoots out a bolt of lightning at you!
The bolt of electricity hits you!
The electric eel shoots out a bolt of lightning at you!
The bolt of electricity hits the electric eel.
The electric eel completely resists.
The bolt of electricity hits you!
* * * LOW HITPOINT WARNING * * *
The bolt of electricity hits you!
* * * LOW HITPOINT WARNING * * *
The electric eel shoots out a bolt of lightning at you!
The bolt of electricity hits you!
You die...

#............# #..##...#
#..........#.###...##..##
####...........(.)##))##...#
#....###########()().<...#..
#....# ### #.)###.##....
#....# #.# ###.# #....#..
#....# ###>####...###.#..##.
#...####........#..##.#..#..
#..##.#####@##...#.....).#[#
####..#...$.;##'#......[.)..
#.#+..PP!;;#.####....8...
#.#....P≈≈≈#.# ###....#.
##≈#...PP.≈≈#.# ####...###
#≈≈##....)≈##≈# #.......#.
##.#######.##≈####.###.8...
#..#...;.;##≈####........#.
#.#+..≈P.≈≈#.#.#..#####.###


You could see 4 electric eels.

Vanquished Creatures
  Erica (D:8)
  Joseph (D:7)
  Psyche (D:8)
  3 hippogriffs
  Prince Ribbit (D:8)
  Sigmund (D:2)
  A hungry ghost (D:8)
  7 orc warriors
  A sky beast (D:5)
  2 black bears
  4 ice beasts
  2 ogres
  A phantom (D:8)
  5 centaurs
  Blork the orc (D:4)
  2 bullfrogs
  5 scorpions
  9 killer bees
  A howler monkey (D:5)
  2 crimson imps
  A bullfrog zombie (D:7)
  6 orc priests
  7 jellies
  2 hounds
  A quasit (D:8)
  A bullfrog skeleton (D:6)
  An iguana (D:8)
  Terence (D:2)
  3 worker ants
  5 orc wizards
  A worker ant zombie (D:7)
  A howler monkey skeleton (D:7)
  5 gnolls (D:8)
  8 adders
  A shadow imp (D:5)
  7 oozes
  An adder zombie (D:5)
  2 adder skeletons
  A worm (D:2)
  5 dart slugs
  5 leopard geckos
  27 orcs
  A ball python (D:1)
  12 bats
  6 giant cockroaches
  11 goblins
  8 hobgoblins
  6 jackals
  9 quokkas
  7 frilled lizards
  9 kobolds
  2 quokka skeletons
  A quokka zombie (D:6)
  10 rats
225 creatures vanquished.

Notes
Turn   | Place    | Note
-------+----------+-------------------------------------------
     0 | D:1      | Jerry the Vine Stalker Fighter began the quest for the Orb.
     0 | D:1      | Reached XP level 1. HP: 11/11 MP: 2/2
   132 | D:1      | Reached skill level 2 in Short Blades
   164 | D:1      | Reached XP level 2. HP: 16/16 MP: 3/3
   354 | D:1      | Reached XP level 3. HP: 15/19 MP: 4/4
  1096 | D:2      | Noticed Terence
  1105 | D:2      | Killed Terence
  1105 | D:2      | Reached skill level 1 in Stealth
  1105 | D:2      | Gained mutation: Your natural rate of healing is unusually fast. [Vine Stalker growth]
  1105 | D:2      | Reached XP level 4. HP: 24/24 MP: 5/5
  1132 | D:2      | Reached skill level 3 in Short Blades
  1401 | D:2      | Noticed Sigmund
  1411 | D:2      | Killed Sigmund
  1411 | D:2      | Reached XP level 5. HP: 21/28 MP: 6/6
  1411 | D:2      | Reached XP level 6. HP: 24/32 MP: 7/7
  1422 | D:2      | Reached skill level 4 in Short Blades
  1905 | D:3      | Noticed a sky beast
  2004 | D:3      | Found a sacrificial altar of Ru.
  2085 | D:3      | Found a stormy altar of Qazlal.
  2093 | D:3      | Found a white marble altar of Elyvilon.
  2246 | D:4      | Found a shattered altar of Ashenzari.
  2345 | D:4      | Reached XP level 7. HP: 33/37 MP: 6/8
  2491 | D:4      | Noticed Blork the orc
  2504 | D:4      | HP: 1/37 [Blork the orc/glaive (3)]
  2505 | D:4      | Killed Blork the orc
  2593 | D:4      | Found a staircase to the Ecumenical Temple.
  2636 | Temple   | Entered the Ecumenical Temple
  2726 | Temple   | Became a worshipper of Uskayaw the Reveler
  3025 | D:4      | Reached * piety under Uskayaw
  3093 | D:4      | Reached skill level 5 in Short Blades
  3093 | D:4      | Reached ** piety under Uskayaw
  3104 | D:4      | Reached *** piety under Uskayaw
  3213 | D:4      | Found a burning altar of Makhleb.
  3229 | D:5      | Entered Level 5 of the Dungeon
  3257 | D:5      | Reached skill level 1 in Invocations
  3280 | D:5      | Gained mutation: You have razor-sharp teeth. [Vine Stalker growth]
  3280 | D:5      | Reached XP level 8. HP: 42/42 MP: 8/10
  3294 | D:5      | Found a sacrificial altar of Ru.
  3395 | D:5      | Gained mutation: Your muscles are strong. (Str +2) [mutagenic meat]
  3396 | D:5      | Gained mutation: You are frail. (-10% HP) [mutagenic meat]
  3397 | D:5      | Gained mutation: You occasionally shout uncontrollably at your foes. [mutagenic meat]
  3711 | D:5      | Reached skill level 6 in Short Blades
  3899 | D:5      | Found a radiant altar of Vehumet.
  4051 | D:6      | Found a snail-covered altar of Cheibriados.
  4058 | D:6      | Reached skill level 5 in Fighting
  4660 | D:6      | Reached XP level 9. HP: 42/42 MP: 12/12
  4747 | D:7      | Reached skill level 7 in Short Blades
  4752 | D:7      | Reached skill level 5 in Armour
  4754 | D:7      | Reached **** piety under Uskayaw
  4761 | D:7      | Reached ***** piety under Uskayaw
  5052 | D:7      | Noticed Joseph
  5071 | D:7      | Killed Joseph
  5071 | D:7      | Reached skill level 8 in Short Blades
  5247 | D:8      | Noticed Prince Ribbit
  5269 | D:8      | Killed Prince Ribbit
  5291 | D:8      | Noticed Psyche
  5299 | D:8      | Killed Psyche
  5299 | D:8      | Reached skill level 5 in Invocations
  5299 | D:8      | Reached XP level 10. HP: 47/47 MP: 14/14
  5327 | D:8      | Reached ****** piety under Uskayaw
  5390 | D:8      | Noticed Erica
  5423 | D:8      | Killed Erica
  6068 | D:8      | Reached skill level 9 in Short Blades
  6364 | D:8      | Killed from afar by an electric eel

Skill      XL: |  1  2  3  4  5  6  7  8  9 10 |
---------------+-------------------------------+-----
Short Blades   | 2 3 4 5 6 8 9 |  9.0
Fighting       | 3 4 5 6 7 |  7.3
Armour         | 3 4 5 6 |  6.6
Stealth        | 1 2 3 |  3.9
Invocations    | 1 3 5 6 |  6.3
Shields        | 3 4 |  4.0

Action                   |  1- 3 |  4- 6 |  7- 9 | 10-12 || total
-------------------------+-------+-------+-------+-------++-------
Melee: Rapier            |    89 |   138 |   125 |       ||   352
       Bite              |    26 |    38 |   144 |    98 ||   306
       Dagger            |       |       |   198 |   237 ||   435
Invok: Line Pass         |       |       |       |     6 ||     6
Evoke: Wand              |       |       |       |     4 ||     4
  Use: Potion            |       |     1 |     3 |     1 ||     5
       Scroll            |       |     2 |    13 |       ||    15
 Stab: Paralysed         |       |       |    11 |    11 ||    22
       Confused          |       |       |       |     3 ||     3
  Eat: Chunk             |       |     4 |    13 |     6 ||    23
       Meat ration       |       |       |     1 |       ||     1
Armor: Scale mail        |    11 |       |       |       ||    11
       Chain mail        |    47 |    84 |   152 |    97 ||   380
Dodge: Dodged            |    28 |    55 |   103 |    43 ||   229
Block: Shield            |       |       |    11 |    97 ||   108
